AoeStats
← LittleCaesar

Arabia

510085112Analyzed
1v1 RM · 2d ago on Sep 29, 2026· 61m 57s· 2 players
Game mode
Random Map
Map size
Tiny (2 player)
Population
200
Speed
Normal
Resources
Standard
Victory
Conquest
Starting age
Dark Age
Ending age
Imperial Age
RankedLock teamsTeams togetherTeam positionsShared explorationLock speedFull tech treeHidden civsTurbo modeCheats
Victory
Defeat
🇦🇺 Tatars · Australia
1338
+15
🇫🇷 Teutons · France
1316
-15
KKUSH-PANIER
8:07 Loom
10:21 Feudal Age
12:06 Double-Bit Axe
12:26 Man-at-Arms
15:22 Fletching
21:59 Castle Age
23:19 Bow Saw
23:28 Gold Mining
24:42 Town Watch
25:00 Bodkin Arrow
25:23 Padded Archer Armor
25:25 Crossbowman
26:47 Wheelbarrow
30:10 Ballistics
34:43 Hand Cart
42:22 Forging
42:13 Scale Mail Armor
42:40 Pikeman
48:50 Imperial Age
48:59 Guard Tower
49:56 Conscription
50:12 Leather Archer Armor
49:40 Capped Ram
55:48 Elite Skirmisher
61:24 Bloodlines
LittleCaesar
6:38 Loom
9:57 Feudal Age
10:46 Double-Bit Axe
14:18 Fletching
16:44 Padded Archer Armor
18:48 Wheelbarrow
23:30 Castle Age
21:42 Forging
22:03 Gold Mining
22:48 Horse Collar
23:23 Bloodlines
24:22 Bodkin Arrow
24:30 Husbandry
25:39 Leather Archer Armor
25:41 Bow Saw
27:42 Ballistics
27:42 Scale Barding Armor
28:54 Heavy Plow
30:40 Town Watch
34:17 Hand Cart
34:19 Stone Mining
36:45 Chain Barding Armor
37:05 Gold Shaft Mining
35:52 Light Cavalry
37:53 Silk Armor
38:31 Iron Casting
48:53 Imperial Age
57:15 Bracer
58:23 Conscription
58:36 Timurid Siegecraft
60:10 Elite Keshik
Connection lost

Rejoining the realm…

Still unreachable

The connection could not be restored.

Session expired

The server has moved on; the page needs a fresh start.